 Dungeon Sprint DCSS version 0.29-a0-962-gc8bbfd0a37 (webtiles) character file.

Game seed: 9976127716389485036

147 mhtbhm the Covered (level 5, -3/37 HPs)
             Began as a Gargoyle Fighter on July 30, 2022.
             Was an Initiate of Gozag.
             Slain by a two-headed ogre
             ... wielding a +0 great mace
              (17 damage)
             ... in the Dungeon (Sprint IX: "|||||||||||||||||||||||||||||").
             The game lasted 00:00:47 (394 turns).

mhtbhm the Covered (Gargoyle Fighter)                Turns: 394, Time: 00:00:47

Health: -3/37      AC: 16    Str: 21    XL:     5   Next: 29%
Magic:  5/5        EV: 10    Int: 12    God:    Gozag
Gold:   0          SH:  0    Dex:  9    Spells: 4/4 levels left

rFire   . . .      SeeInvis .   a - +2 dire flail (vorpal)
rCold   . . .      Faith    .   (shield currently unavailable)
rNeg    + . .      Spirit   .   b - +1 chain mail
rPois   ∞          Reflect  .   (no helmet)
rElec   +          Harm     .   (no cloak)
rCorr   .          Rampage  .   c - +0 pair of gloves
Will    .....      NoTele   +   (no boots)
Stlth   ..........              (no amulet)
HPRegen 0.12/turn               l - +2 ring of evasion
MPRegen 0.09/turn               m - +3 ring of intelligence

@: no status effects
A: sickness immunity, AC +4, negative energy resistance 1, electricity
resistance, torment resistance 1, petrification resistance
a: Renounce Religion, Potion Petition, Call Merchant, Bribe Branch


You were in the Dungeon.
You worshipped Gozag.
Gozag was noncommittal.
You visited 1 branch

Inventory:

Hand Weapons
 a - a +2 vorpal dire flail (weapon)
Armour
 b - a +1 chain mail (worn)
 c - a +0 pair of gloves (worn)
Jewellery
 l - a +2 ring of evasion (left hand)
 m - a +3 ring of intelligence (right hand)
Wands
 k - a wand of iceblast (10)
Scrolls
 i - 2 scrolls of amnesia
 j - 2 scrolls of blinking
Potions
 d - a potion of invisibility
 e - 2 potions of heal wounds
 f - 3 potions of curing
 g - a potion of haste
 h - 4 potions of magic


   Skills:
 + Level 6.5 Fighting
 + Level 4.7 Maces & Flails
 + Level 6.9 Armour
 + Level 1.2 Dodging
 + Level 6.1 Shields


You had 4 spell levels left.
You didn't know any spells.
Your spell library was empty.

Dungeon Overview and Level Annotations

Branches:
Dungeon (1/1)

Altars:
Cheibriados
Dithmenos
Elyvilon
Fedhas
Gozag
Hepliaklqana
Kikubaaqudgha
Makhleb
Nemelex Xobeh
Okawaru
Qazlal
Ru
Sif Muna
Trog
Uskayaw
Vehumet
Wu Jian
Xom
Yredelemnul
Zin
The Shining One
Jiyva
Lugonu


Innate Abilities, Weirdness & Mutations

You are immune to sickness and miasma.
Your stone body is resilient. (AC +4)
You are immune to poison.
You resist negative energy. (rN+)
You are resistant to electric shocks. (rElec)
You are resistant to unholy torment.
You are immune to petrification.


Message History

You finish taking off your +0 buckler.
You drop a +0 buckler.
a - a +2 vorpal dire flail
a - a +2 vorpal dire flail (weapon)
You see here a +0 pair of gloves.
c - a +0 pair of gloves You start putting on your armour.
You continue putting on your +0 pair of gloves. x4
You finish putting on your +0 pair of gloves.
You see here a +0 pair of gloves.
You see here a +1 chain mail.
You start removing your armour.
You continue taking off your +0 scale mail. x4
You finish taking off your +0 scale mail.
You drop a +0 scale mail.
b - a +1 chain mail You start putting on your armour.
You continue putting on your +1 chain mail. x4
You finish putting on your +1 chain mail.
l - a +2 ring of evasion
m - a +3 ring of intelligence
l - a +2 ring of evasion (left hand)
You feel clever.
m - a +3 ring of intelligence (right hand)
You start resting.
HP restored.
You open the door.
A centaur, 2 orcs, an acid dragon, a yak and a two-headed ogre come into view.
The centaur shouts!
The orc priest shouts!
The orc warrior shouts!
The acid dragon roars!
The two-headed ogre shouts in stereo!
You hit the two-headed ogre but do no damage.
The two-headed ogre hits you with a +0 great mace!
The two-headed ogre hits you but does no damage.
You hit the two-headed ogre.
The two-headed ogre is lightly wounded.
You feel better.
The two-headed ogre hits you with a +0 great mace!!
Ouch! That really hurt!
The two-headed ogre hits you with a +0 giant club!
You die...
Your body crumbles into a pile of gold. ▓▓▓▓▓▓▓▓▓▓▓▓▓▓▓▓▓▓▓▓▓▓▓▓ .cooDYO@.[[..[..'_______ ▓▓▓▓▓▓▓▓▓▓▓▓▓▓▓▓▓▓▓▓▓▓▓▓ $ $ $$$$$ $ $ $ $$$$$ $$$$$$

You could see a two-headed ogre, a yak, an orc warrior, an acid dragon, a centaur and an orc priest.

Vanquished Creatures
  An ogre (D)
  An orc wizard (D)
  3 adders (D)
  A bat (D)
  A goblin (D)
  2 hobgoblins (D)
  A ball python (D)
10 creatures vanquished.

Notes
Turn   | Place    | Note
-------+----------+-------------------------------------------
     0 | D        | mhtbhm the Gargoyle Fighter began the quest for the Orb.
     0 | D        | Reached XP level 1. HP: 14/14 MP: 1/1
   126 | D        | Noticed an orc wizard
   126 | D        | Noticed an ogre
   135 | D        | Reached XP level 2. HP: 20/20 MP: 2/2
   139 | D        | Reached XP level 3. HP: 24/24 MP: 3/3
   145 | D        | Killed an ogre
   146 | D        | Reached skill level 1 in Dodging
   146 | D        | Reached skill level 5 in Shields
   146 | D        | Reached XP level 4. HP: 13/32 MP: 4/4
   156 | D        | Reached XP level 5. HP: 8/37 MP: 5/5
   167 | D        | Found a snail-covered altar of Cheibriados.
   167 | D        | Found a shadowy altar of Dithmenos.
   167 | D        | Found a white marble altar of Elyvilon.
   167 | D        | Found a blossoming altar of Fedhas.
   167 | D        | Found an opulent altar of Gozag.
   168 | D        | Found a hazy altar of Hepliaklqana.
   169 | D        | Found a viscous altar of Jiyva.
   170 | D        | Found an ancient bone altar of Kikubaaqudgha.
   171 | D        | Found a corrupted altar of Lugonu.
   172 | D        | Found a burning altar of Makhleb.
   173 | D        | Found a sparkling altar of Nemelex Xobeh.
   174 | D        | Found an iron altar of Okawaru.
   175 | D        | Found a stormy altar of Qazlal.
   176 | D        | Found a sacrificial altar of Ru.
   177 | D        | Found a shimmering blue altar of Sif Muna.
   178 | D        | Found a bloodstained altar of Trog.
   179 | D        | Found a hide-covered altar of Uskayaw.
   180 | D        | Found a radiant altar of Vehumet.
   187 | D        | Became a worshipper of Gozag Ym Sagoz the Greedy
   194 | D        | Found an ornate altar of the Wu Jian Council.
   195 | D        | Found a shimmering altar of Xom.
   196 | D        | Found a basalt altar of Yredelemnul.
   197 | D        | Found a glowing silver altar of Zin.
   198 | D        | Found a glowing golden altar of the Shining One.
   391 | D        | Noticed a centaur
   391 | D        | Noticed an orc warrior
   391 | D        | Noticed an acid dragon
   391 | D        | Noticed a yak
   391 | D        | Noticed a two-headed ogre
   394 | D        | Slain by a two-headed ogre

Illustrated notes

Levels and vault maps discovered:
D:        linesprint [early_d, line_temple, items_1, d_10, items_2, lair_1,
          lair_end, items_3, orc_1, orc_end, items_4, d_15, swamp_1, shoals_1,
          snake_1, spider_1, d_20, vaults_1, items_5, swamp_end, shoals_end,
          snake_end, spider_end, vaults_end, d_27, items_6, zot_1, zot_end,
          crypt_end, forest_end, elf_end, slime_end, tomb_end, abyss_end,
          pan_hell_end]

Skill      XL: |  1  2  3  4 |
---------------+-------------+-----
Armour         | 4 6 |  6.9
Fighting       | 4 6 |  6.5
Shields        | 4 5 6 |  6.1
Maces & Flails | 4 |  4.7
Dodging        | 1 |  1.2

Action                   |  1- 3 |  4- 6 || total
-------------------------+-------+-------++-------
Melee: Flail             |    37 |     6 ||    43
       Dire flail        |       |     2 ||     2
  Use: Potion            |     2 |     3 ||     5
Armor: Scale mail        |    14 |     7 ||    21
       Chain mail        |       |     1 ||     1
Dodge: Dodged            |    15 |     3 ||    18
Block: Buckler           |     5 |       ||     5

Table legend: (Time is in decaauts)
 A = Elapsed time spent in this place.
 B = Non-inter-level travel time spent in this place.
 C = Inter-level travel time spent in this place.
 D = Time resting spent in this place.
 E = Time spent auto-exploring this place.
 F = Levels seen in this place.
 G = Mean time per level.
                   A        B        C        D        E       F      G
               +--------+--------+--------+--------+--------+-----+--------+
         Total |    415 |    415 |      0 |    236 |      3 |   1 |  415.0 |
       Dungeon |    415 |    415 |      0 |    236 |      3 |   1 |  415.0 |
               +--------+--------+--------+--------+--------+-----+--------+

Top non-repeatable levels by time:
       D: 415 daAuts
